% Time on Ice - PHOENIX MUSTANGS
Lines # - Real PCT - Wanted PCT - Time Play
Normal Forward
1 - 35% - 36% - 16:35
2 - 29% - 31% - 13:41
3 - 20% - 25% - 9:42
4 - 16% - 8% - 7:35
Normal Defense
1 - 32% - 36% - 15:19
2 - 35% - 31% - 16:29
3 - 26% - 23% - 12:29
4 - 7% - 10% - 3:16
PP Forward
1 - 64% - 60% - 3:47
2 - 36% - 40% - 2:10
PP Defense
1 - 56% - 55% - 3:20
2 - 44% - 45% - 2:37
PK Forward
1 - 60% - 55% - 3:33
2 - 40% - 45% - 2:24
PK Defense
1 - 35% - 55% - 2:05
2 - 65% - 45% - 3:52
PK3 Forward
1 - 0% - 55%
2 - 0% - 45%
PK3 Defense
1 - 0% - 55%
2 - 0% - 45%
44 Forward
1 - 0% - 55%
2 - 0% - 45%
44 Defense
1 - 0% - 55%
2 - 0% - 45%
Last Minute Offensive  - 0:33
Last Minute Defensive  - 0:00
Total
Forward - 60:00
Defense - 60:00
% Time on Ice - PORTLAND PIRATES
Lines # - Real PCT - Wanted PCT - Time Play
Normal Forward
1 - 31% - 33% - 14:55
2 - 34% - 32% - 16:02
3 - 28% - 28% - 13:07
4 - 7% - 7% - 3:29
Normal Defense
1 - 31% - 33% - 14:42
2 - 33% - 33% - 15:53
3 - 28% - 28% - 13:06
4 - 8% - 6% - 3:52
PP Forward
1 - 71% - 60% - 4:15
2 - 29% - 40% - 1:42
PP Defense
1 - 66% - 60% - 3:57
2 - 34% - 40% - 2:00
PK Forward
1 - 74% - 60% - 4:25
2 - 26% - 40% - 1:32
PK Defense
1 - 49% - 60% - 2:54
2 - 51% - 40% - 3:03
PK3 Forward
1 - 0% - 60%
2 - 0% - 40%
PK3 Defense
1 - 0% - 60%
2 - 0% - 40%
44 Forward
1 - 0% - 60%
2 - 0% - 40%
44 Defense
1 - 0% - 60%
2 - 0% - 40%
Last Minute Offensive  - 0:00
Last Minute Defensive  - 0:33
Total
Forward - 60:00
Defense - 60:00
Play-by-Play 1st period 0:01 of 1st period - Andrew Copp wins face-off versus Gabriel Landeskog in neutral zone. 0:56 of 1st period - Icing by Scott Harrington. 0:57 of 1st period - Andrew Copp wins face-off versus Brett Connolly in PHOENIX MUSTANGS zone. 0:57 of 1st period - Teuvo Teravainen is hit by Yanni Gourde and loses puck. 1:04 of 1st period - Shot by Brett Connolly. 1:04 of 1st period - Shot Blocked by Scott Harrington. 1:06 of 1st period - Shot by Yanni Gourde. 1:06 of 1st period - Shot Misses the Net. 1:08 of 1st period - Shot by Yanni Gourde. 1:08 of 1st period - Stopped by Joonas Korpisalo without a rebound. 1:09 of 1st period - Pavel Zacha wins face-off versus Kevin Hayes in PHOENIX MUSTANGS zone. 1:32 of 1st period - Shot by Kevin Hayes. 1:32 of 1st period - Stopped by Ben Bishop without a rebound. 1:33 of 1st period - Christian Dvorak wins face-off versus Yanni Gourde in PORTLAND PIRATES zone. 2:06 of 1st period - Shot by Brett Connolly. 2:06 of 1st period - Shot Misses the Net. 2:08 of 1st period - Shot by Trevor Daley. 2:08 of 1st period - Deflect By Brett Connolly. 2:08 of 1st period - Shot Blocked by Dennis Cholowski. 2:10 of 1st period - Shot by Brett Connolly. 2:10 of 1st period - Shot Blocked by Alexander Steen. 2:57 of 1st period - Shot by Robert Thomas. 2:57 of 1st period - Goal by Robert Thomas - PHOENIX MUSTANGS : 0 - PORTLAND PIRATES : 1. 2:58 of 1st period - Jonathan Toews wins face-off versus Andrew Copp in neutral zone. 3:03 of 1st period - Shot by Travis Konecny. 3:03 of 1st period - Shot Misses the Net. 3:17 of 1st period - Shot by T.J. Oshie. 3:17 of 1st period - Shot Misses the Net. 3:19 of 1st period - Shot by T.J. Oshie. 3:19 of 1st period - Shot Misses the Net. 3:31 of 1st period - Shot by Teuvo Teravainen. 3:31 of 1st period - Stopped by Ben Bishop without a rebound. 3:32 of 1st period - Kevin Hayes wins face-off versus Michael Amadio in PORTLAND PIRATES zone. 4:08 of 1st period - Shot by Kevin Hayes. 4:08 of 1st period - Shot Blocked by Jason Dickinson. 5:09 of 1st period - Pavel Zacha is hit by Fredrik Claesson and loses puck. 5:20 of 1st period - Shot by Rickard Rakell. 5:20 of 1st period - Shot Misses the Net. 5:38 of 1st period - Icing by T.J. Oshie. 5:39 of 1st period - Jonathan Toews wins face-off versus Teuvo Teravainen in PHOENIX MUSTANGS zone. 5:56 of 1st period - Shot by Travis Konecny. 5:56 of 1st period - Shot Misses the Net. 6:12 of 1st period - Shot by Travis Konecny. 6:12 of 1st period - Stopped by Joonas Korpisalo without a rebound. 6:13 of 1st period - Yanni Gourde wins face-off versus Kevin Hayes in PHOENIX MUSTANGS zone. 6:28 of 1st period - Shot by Brett Connolly. 6:28 of 1st period - Deflect By Yanni Gourde. 6:28 of 1st period - Stopped by Joonas Korpisalo without a rebound. 6:29 of 1st period - Jonathan Toews wins face-off versus Andrew Copp in PHOENIX MUSTANGS zone. 6:30 of 1st period - Shot by Travis Konecny. 6:30 of 1st period - Deflect By Jonathan Toews. 6:30 of 1st period - Shot Misses the Net. 6:35 of 1st period - T.J. Oshie is hit by Gabriel Landeskog and loses puck. 6:53 of 1st period - T.J. Oshie is hit by Rasmus Ristolainen and loses puck. 7:03 of 1st period - Teuvo Teravainen is hit by Rasmus Ristolainen and loses puck. 7:07 of 1st period - T.J. Oshie is hit by Rasmus Ristolainen and loses puck. 7:51 of 1st period - Icing by Dennis Cholowski. 7:52 of 1st period - Christian Dvorak wins face-off versus Pavel Zacha in PHOENIX MUSTANGS zone. 8:59 of 1st period - Icing by Frederic Allard. 9:00 of 1st period - Jonathan Toews wins face-off versus Kevin Hayes in PHOENIX MUSTANGS zone. 9:11 of 1st period - Shot by Travis Konecny. 9:11 of 1st period - Shot Blocked by Jonas Brodin. 9:19 of 1st period - Shot by Gabriel Landeskog. 9:19 of 1st period - Stopped by Joonas Korpisalo without a rebound. 9:20 of 1st period - Yanni Gourde wins face-off versus Alexander Steen in PHOENIX MUSTANGS zone. 9:38 of 1st period - Shot by Yanni Gourde. 9:38 of 1st period - Deflect By Ryan Donato. 9:38 of 1st period - Shot Misses the Net. 9:48 of 1st period - Shot by Brett Connolly. 9:48 of 1st period - Stopped by Joonas Korpisalo without a rebound. 9:49 of 1st period - Pavel Zacha wins face-off versus Andrew Copp in PHOENIX MUSTANGS zone. 10:28 of 1st period - Shot by Andrew Copp. 10:28 of 1st period - Shot Misses the Net. 11:09 of 1st period - Off-side. 11:10 of 1st period - Yanni Gourde wins face-off versus Kevin Hayes in neutral zone. 11:34 of 1st period - Shot by Jesper Fast. 11:34 of 1st period - Deflect By Clayton Keller. 11:34 of 1st period - Shot Misses the Net. 11:36 of 1st period - Shot by Clayton Keller. 11:36 of 1st period - Shot Blocked by Travis Hamonic. 11:41 of 1st period - Kevin Hayes is hit by Alec Martinez and loses puck. 12:31 of 1st period - Jonathan Toews is hit by Jay Bouwmeester and loses puck. 12:48 of 1st period - Shot by Travis Konecny. 12:48 of 1st period - Shot Misses the Net. 12:50 of 1st period - Shot by Jonathan Toews. 12:50 of 1st period - Shot Misses the Net. 12:52 of 1st period - Shot by Travis Konecny. 12:52 of 1st period - Shot Misses the Net. 13:51 of 1st period - Shot by Alexander Steen. 13:51 of 1st period - Stopped by Ben Bishop without a rebound. 13:52 of 1st period - Kevin Hayes wins face-off versus Pavel Zacha in PORTLAND PIRATES zone. 14:26 of 1st period - Shot by Clayton Keller. 14:26 of 1st period - Deflect By Kevin Hayes. 14:26 of 1st period - Shot Misses the Net. 14:36 of 1st period - Shot by Pavel Zacha. 14:36 of 1st period - Shot Blocked by Jonas Brodin. 16:03 of 1st period - Shot by Andrew Copp. 16:03 of 1st period - Shot Misses the Net. 16:34 of 1st period - Shot by T.J. Oshie. 16:34 of 1st period - Shot Misses the Net. 16:49 of 1st period - Icing by Brett Pesce. 16:50 of 1st period - Brett Connolly wins face-off versus Christian Dvorak in PORTLAND PIRATES zone. 17:11 of 1st period - Shot by Travis Konecny. 17:11 of 1st period - Shot Blocked by Jay Bouwmeester. 17:13 of 1st period - Shot by Jonathan Toews. 17:13 of 1st period - Stopped by Joonas Korpisalo with a rebound. 17:15 of 1st period - Shot by Jonathan Toews. 17:15 of 1st period - Stopped by Joonas Korpisalo without a rebound. 17:16 of 1st period - Pavel Zacha wins face-off versus David Backes in PHOENIX MUSTANGS zone. 17:25 of 1st period - David Backes is hit by Pavel Zacha and loses puck. 17:37 of 1st period - Shot by Nicholas Shore. 17:37 of 1st period - Stopped by Ben Bishop without a rebound. 17:38 of 1st period - Andrew Copp wins face-off versus Jonathan Toews in PORTLAND PIRATES zone. 17:39 of 1st period - Shot by Teuvo Teravainen. 17:39 of 1st period - Stopped by Ben Bishop without a rebound. 17:40 of 1st period - Jonathan Toews wins face-off versus Andrew Copp in PORTLAND PIRATES zone. 18:00 of 1st period - Shot by T.J. Oshie. 18:00 of 1st period - Shot Misses the Net. 18:02 of 1st period - Shot by Teuvo Teravainen. 18:02 of 1st period - Shot Misses the Net. 18:04 of 1st period - Shot by Teuvo Teravainen. 18:04 of 1st period - Stopped by Ben Bishop without a rebound. 18:05 of 1st period - Pavel Zacha wins face-off versus Christian Dvorak in PORTLAND PIRATES zone. 19:00 of 1st period - Teuvo Teravainen is hit by Pavel Zacha and loses puck. 19:48 of 1st period - Shot by Clayton Keller. 19:48 of 1st period - Shot Misses the Net. 19:52 of 1st period - Shot by Jesper Fast. 19:52 of 1st period - Goal by Jesper Fast - PHOENIX MUSTANGS : 1 - PORTLAND PIRATES : 1. 19:53 of 1st period - Jonathan Toews wins face-off versus Kevin Hayes in neutral zone. Goals for this period are 1 for PHOENIX MUSTANGS vs 1 for PORTLAND PIRATES. Shots for this period are 7 for PHOENIX MUSTANGS vs 8 for PORTLAND PIRATES. 2nd period 0:01 of 2nd period - Gabriel Landeskog wins face-off versus Christian Dvorak in neutral zone. 0:08 of 2nd period - Shot by Travis Konecny. 0:08 of 2nd period - Shot Blocked by Alexander Steen. 0:11 of 2nd period - Icing by Jay Bouwmeester. 0:12 of 2nd period - Christian Dvorak wins face-off versus Yanni Gourde in PHOENIX MUSTANGS zone. 0:21 of 2nd period - Shot by Christian Dvorak. 0:21 of 2nd period - Shot Misses the Net. 0:23 of 2nd period - Shot by Jonas Brodin. 0:23 of 2nd period - Stopped by Ben Bishop without a rebound. 0:24 of 2nd period - Andrew Copp wins face-off versus Jonathan Toews in PORTLAND PIRATES zone. 1:33 of 2nd period - Alec Martinez is hit by David Backes. 2:03 of 2nd period - Shot by Jesper Fast. 2:03 of 2nd period - Deflect By Clayton Keller. 2:03 of 2nd period - Stopped by Ben Bishop without a rebound. 2:04 of 2nd period - Ryan Donato wins face-off versus Kevin Hayes in PORTLAND PIRATES zone. 2:04 of 2nd period - Yanni Gourde is hit by Kevin Hayes and loses puck. 2:33 of 2nd period - Brett Connolly is hit by Fredrik Claesson. 2:43 of 2nd period - Shot by Jesper Fast. 2:43 of 2nd period - Goal by Jesper Fast - PHOENIX MUSTANGS : 2 - PORTLAND PIRATES : 1. 2:44 of 2nd period - Andrew Copp wins face-off versus Pavel Zacha in neutral zone. 2:47 of 2nd period - Shot by Teuvo Teravainen. 2:47 of 2nd period - Shot Misses the Net. 3:04 of 2nd period - Icing by Pavel Zacha. 3:05 of 2nd period - Pavel Zacha wins face-off versus Christian Dvorak in PORTLAND PIRATES zone. 3:05 of 2nd period - Pavel Zacha is hit by Jordan Greenway. 3:19 of 2nd period - Shot by Rickard Rakell. 3:19 of 2nd period - Stopped by Joonas Korpisalo without a rebound. 3:20 of 2nd period - Kevin Hayes wins face-off versus Michael Amadio in PHOENIX MUSTANGS zone. 3:31 of 2nd period - Shot by Jesper Fast. 3:31 of 2nd period - Stopped by Ben Bishop with a rebound. 4:02 of 2nd period - Brett Connolly is hit by Frederic Allard and loses puck. 4:28 of 2nd period - Travis Konecny is hit by Jonas Brodin. 4:30 of 2nd period - Shot by Jonathan Toews. 4:30 of 2nd period - Shot Misses the Net. 4:32 of 2nd period - Shot by Thomas Chabot. 4:32 of 2nd period - Stopped by Joonas Korpisalo without a rebound. 4:33 of 2nd period - Christian Dvorak wins face-off versus Pavel Zacha in PHOENIX MUSTANGS zone. 4:37 of 2nd period - Off-side. 4:38 of 2nd period - Christian Dvorak wins face-off versus Pavel Zacha in neutral zone. 4:47 of 2nd period - Shot by Jordan Greenway. 4:47 of 2nd period - Shot Misses the Net. 5:09 of 2nd period - Alexander Steen is hit by Travis Hamonic. 5:16 of 2nd period - Minor Penalty to Travis Hamonic for Boarding. 5:17 of 2nd period - Christian Dvorak wins face-off versus Yanni Gourde in PORTLAND PIRATES zone. 5:20 of 2nd period - Shot by T.J. Oshie. 5:20 of 2nd period - Stopped by Ben Bishop with a rebound. 5:29 of 2nd period - Icing by Christian Dvorak. 5:30 of 2nd period - Yanni Gourde wins face-off versus Christian Dvorak in PHOENIX MUSTANGS zone. 6:33 of 2nd period - Icing by Jesper Fast. 6:34 of 2nd period - Yanni Gourde wins face-off versus Kevin Hayes in PHOENIX MUSTANGS zone. 6:34 of 2nd period - Rasmus Ristolainen is hit by Jay Bouwmeester and loses puck. 6:44 of 2nd period - Icing by Jonas Brodin. 6:45 of 2nd period - Yanni Gourde wins face-off versus Kevin Hayes in PHOENIX MUSTANGS zone. 6:58 of 2nd period - Shot by Kevin Hayes. 6:58 of 2nd period - Shot Misses the Net. 7:00 of 2nd period - Shot by Jay Bouwmeester. 7:00 of 2nd period - Stopped by Ben Bishop without a rebound. 7:01 of 2nd period - Chri